cohdb
Replays
Latest Replays
All Replays
Popular Replays
Top Player Replays
Match Explorer
How It Works
Community
CoH3 Stats
Reddit
Sign in to upload your games and track your stats! →
Sign in with Steam
Match 45190162
Unlisted
Match 45190162
Overview
Messages
Build Orders
End
Kradschützen Motorcycle Team
Panzerpioneer Squad
250 Light Carrier
Selects Italian Infantry
Construct Light Support Kompanie
MG34 Team
Panzerjäger Squad
Fire Support Elements
Selects Guastatori Squad
Guastatori Squad
Assault Mechanized Group
Flakvierling Half-track
2.5-tonne Medical Truck
Pak 38 Anti-tank Gun Team
Selects Defensive Operations
Construct Mechanized Kompanie
StuG III D Assault Gun
Selects L6/40 Light Tank Combat Group
Selects Towed Cannone da 105/28 Field Howitzer
Selects Territory Booby Traps
Marder III Tank Destroyer
8 Rad Armored Car
Panzerpioneer Squad
Vehicle Survival Package
Construct Panzerarmee Kommand
MoriMusic
Blanco
0
0
Comments
sign in to comment!
No comments posted yet!